 Dungeon Crawl Stone Soup version 0.32-a0-986-ga09f62fbf4 (webtiles) character file.

Game seed: 6529742876344933349

86 DrKenneth the Trooper (level 4, 0/41 HPs)
             Began as a Minotaur Fighter on Apr 22, 2024.
             Killed from afar by an orc wizard (7 damage)
             ... with a puff of flame
             ... on level 3 of the Dungeon.
             The game lasted 00:04:54 (1939 turns).

DrKenneth the Trooper (Minotaur Fighter)            Turns: 1939, Time: 00:04:55

Health: 0/41       AC:  7    Str: 22    XL:     4   Next: 27%
Magic:  3/3        EV:  8    Int:  5    God:
Gold:   146        SH:  0    Dex: 10    Spells: 3/3 levels left

rFire   . . .        a - +0 war axe
rCold   . . .        c - +0 buckler
rNeg    . . .        b - +0 scale mail
rPois   .            (helmet restricted)
rElec   .            (no cloak)
rCorr   .            (no gloves)
SInv    .            (no boots)
Will    .....        (no amulet) Stlth
                     (no ring)
HPRegen 0.26/turn    (no ring)
MPRegen 0.08/turn

%: no passive effects
@: confused
A: horns 2, retaliatory headbutt
a: no special abilities


You were on level 3 of the Dungeon.
You visited 1 branch of the dungeon, and saw 3 of its levels.

You collected 146 gold pieces.

Inventory:

Hand Weapons
 a - a +0 war axe (weapon)
Armour
 b - a +0 scale mail (worn)
 c - a +0 buckler (worn)
Scrolls
 f - 2 scrolls of identify {unknown}
 i - a scroll of fear {unknown}
 j - 2 scrolls of teleportation {unknown}
 l - a scroll of vulnerability {unknown}
 m - a scroll of poison {unknown}
Potions
 d - a potion of might
 e - a potion of enlightenment {unknown}
 g - a potion of lignification {unknown}
 h - a potion of curing {unknown}
 k - a potion of heal wounds {unknown}


   Skills:
 + Level 4.4 Fighting
 + Level 3.4 Axes
 + Level 4.4 Armour
 + Level 4.4 Shields


You had 3 spell levels left.
You didn't know any spells.
Your spell library contained the following spells:

 Spells                   Type           Power      Damage    Failure   Level
 Ensorcelled Hibernation  Hex/Ice        0%         N/A       94%         2
 Frozen Ramparts          Ice            0%         1d1       99%         3
 Ozocubu's Armour         Ice            0%         N/A       99%         3
 Passwall                 Erth           0%         N/A       99%         3
 Swiftness                Air            0%         N/A       99%         3
 Metabolic Englaciation   Hex/Ice        0%         N/A       100%        5
 Chain Lightning          Conj/Air       0%         N/A       100%        9
 Fire Storm               Conj/Fire      0%         5d1       100%        9
 Shatter                  Erth           0%         3d5*      100%        9


Dungeon Overview and Level Annotations

Branches:
Dungeon (3/15)

Altars:

Shops:
D:1 =(


Innate Abilities, Weirdness & Mutations

You have a pair of horns on your head.
You reflexively headbutt those who attack you in melee.


Message History

You hear some strange, mumbled words.
You are confused.
You miss something. Something hits you but does no damage.
Something hits you but does no damage.
You bump into the rock wall.
Something hits you but does no damage. Something hits you but does no damage.
You see here a cyan potion.
Something hits you.
You bump into the rock wall.
You feel less confused. Something hits you.
Things that are here:
10 gold pieces; a +0 dagger You hear some strange, mumbled words.
A magic dart appears from out of thin air!
The magic dart hits you.
* * * LOW HITPOINT WARNING * * *
You hit something but do no damage. Something hits you but does no damage.
You hit something.
Something hits you but does no damage. x2
You miss something. Something hits you but does no damage.
You barely miss something. Your headbutt misses something.
Something hits you but does no damage. x2
You barely miss something.
You hear the rusting of a drain nearby.
Something hits you but does no damage.
You hit something but do no damage. Your headbutt misses something.
Something hits you.
* * * LOW HITPOINT WARNING * * *
You closely miss something. Something hits you but does no damage.
You hear some strange, mumbled words.
You are confused.
Something hits you.
* * * LOW HITPOINT WARNING * * *
You see here a +0 club.
Something hits you.
* * * LOW HITPOINT WARNING * * *
You hear some strange, mumbled words.
A puff of flame appears from out of thin air!
The puff of flame hits you!
You die...

###### #.
..... #. #.#.#
#. ##.#.## #.
#.....#
#.##)@#..##.##
#....{........
#..!.).?.####.
#####.#####.#
#.....# ##
#.....#
#.....#
#.....#
#.....#


There were no monsters in sight!

Vanquished Creatures
  An orc priest (D:3)
  An adder (D:2)
  3 orcs (D:3)
  A ball python (D:1)
  5 bats
  6 endoplasms
  2 giant cockroaches
  A goblin (D:3)
  9 hobgoblins
  3 kobolds (D:2)
  2 quokkas (D:1)
  4 frilled lizards
38 creatures vanquished.

Notes
Turn   | Place    | Note
-------+----------+-------------------------------------------
     0 | D:1      | DrKenneth the Minotaur Fighter began the quest for the Orb.
     0 | D:1      | Reached XP level 1. HP: 19/19 MP: 0/0
    89 | D:1      | Found a transporter.
    89 | D:1      | Found Hizitin's Jewellery Boutique.
   137 | D:1      | Found a transporter.
   246 | D:1      | Reached XP level 2. HP: 27/27 MP: 1/1
   588 | D:1      | Found Qyta Beh's Weapon Boutique.
   966 | D:2      | Reached XP level 3. HP: 30/33 MP: 2/2
  1919 | D:3      | Reached XP level 4. HP: 26/41 MP: 3/3
  1939 | D:3      | Killed from afar by an orc wizard

Illustrated notes

Levels and vault maps discovered:
D:1:      reono_arrival_mine, layout_loops_ring, serial_shops,
          nicolae_shop_drivethru, shop
D:2:      layout_loops_corners, lightli_corner_chamber
D:3:      layout_loops_cross, general_overflow_altar,
          gammafunk_temple_overflow_elements, cheibrodos_sewer_entry_sluice,
          chequers_serial_rivers_room_a, dreamdust_wishing_well

Skill      XL: |  1  2 |
---------------+-------+-----
Armour         | 4 |  4.4
Fighting       | 4 |  4.4
Shields        | 4 |  4.4
Axes           | 3 |  3.4

Action                     |  1- 3 |  4- 6 || total
---------------------------+-------+-------++-------
  Melee: War axe           |    65 |    11 ||    76
         Headbutt          |    12 |       ||    12
 Armour: Scale mail        |    50 |    23 ||    73
  Dodge: Dodged            |    23 |       ||    23
  Block: Buckler           |    17 |     2 ||    19

Table legend: (Time is in decaauts)
 A = Elapsed time spent in this place.
 B = Non-inter-level travel time spent in this place.
 C = Inter-level travel time spent in this place.
 D = Time resting spent in this place.
 E = Time spent auto-exploring this place.
 F = Levels seen in this place.
 G = Mean time per level.
                   A        B        C        D        E       F      G
               +--------+--------+--------+--------+--------+-----+--------+
         Total |   1967 |   1473 |    494 |      0 |   1201 |   3 |  655.7 |
       Dungeon |   1967 |   1473 |    494 |      0 |   1201 |   3 |  655.7 |
               +--------+--------+--------+--------+--------+-----+--------+

Top non-repeatable levels by time:
     D:2: 982 daAuts
     D:1: 778 daAuts
     D:3: 207 daAuts
